 Dungeon Crawl Stone Soup version 0.25-a0-310-g60f0ac2 (webtiles) character file.

Game seed: 16271724179479067871, levelgen mode: deterministic

29 Blackhawk the Skirmisher (level 3, -1/29 HPs)
             Began as a Formicid Abyssal Knight on Dec 23, 2019.
             Was a Follower of Lugonu.
             Slain by an adder (2 damage)
             ... on level 2 of the Dungeon.
             The game lasted 00:01:29 (1370 turns).

Blackhawk the Skirmisher (Formicid Abyssal Knight)  Turns: 1370, Time: 00:01:30

Health: -1/29      AC:  3    Str: 22    XL:     3   Next: 32%
Magic:  5/5        EV: 11    Int: 11    God:    Lugonu [*.....]
Gold:   47         SH:  0    Dex: 10    Spells: 2/2 levels left

rFire    . . .     SeeInvis +   a - +1 hand axe
rCold    . . .     Gourm    .   (no shield)
rNeg     . . .     Faith    .   b - +0 leather armour
rPois    .         Spirit   .   (helmet unavailable)
rElec    .         Reflect  .   (no cloak)
rCorr    .         Harm     .   (no gloves)
MR       .....                  (no boots)
Stlth    +.........             (no amulet)
HPRegen  0.09/turn              (no ring)
MPRegen  0.09/turn              (no ring)

@: mighty, lethally poisoned (-1 -> -4)
A: permanent stasis, dig shafts and tunnels, four strong arms, antennae 3
a: Dig, Shaft Self, Depart the Abyss, Renounce Religion


You were on level 2 of the Dungeon.
You worshipped Lugonu.
Lugonu was aware of your devotion.
You were hungry.

You visited 1 branch of the dungeon, and saw 2 of its levels.
You visited the Abyss 1 time.

You collected 47 gold pieces.

Inventory:

Hand Weapons
 a - a +1 hand axe (weapon)
Armour
 b - a +0 leather armour (worn)
Scrolls
 d - a scroll of remove curse {unknown}
 g - 3 scrolls of teleportation {unknown}
Potions
 e - a potion of might
Comestibles
 c - 4 rations
 h - 2 chunks of flesh


   Skills:
 + Level 3.5 Fighting
 + Level 2.3 Axes
 + Level 2.6 Armour
 + Level 1.3 Dodging
 + Level 2.7 Invocations


You had 2 spell levels left.
You didn't know any spells.
Your spell library was empty.

Dungeon Overview and Level Annotations

Branches:
Dungeon (2/15)

Altars:


Innate Abilities, Weirdness & Mutations

You cannot be hasted, slowed, berserked, paralysed or teleported.
You can dig through walls and to a lower floor.
Your four strong arms can wield two-handed weapons with a shield.
You have a pair of large antennae on your head. (SInv)


Message History

The adder poisons you!
You hit the adder.
The adder is almost dead.
* * * LOW HITPOINT WARNING * * *
You feel sick. The adder bites you.
* * * LOW HITPOINT WARNING * * *
The adder bites you but does no damage.
You barely miss the adder.
The adder is almost dead.
* * * LOW HITPOINT WARNING * * *
You feel sick. The adder bites you.
* * * LOW HITPOINT WARNING * * *
The adder misses you.
It was a potion of might.
You feel very mighty all of a sudden. The adder bites you but does no damage.
It was a potion of magic.
Magic courses through your body.
* * * LOW HITPOINT WARNING * * *
You feel sick. The adder bites you.
You die...

### ### ## #.# #.# ##..
#.# #.##..
######.####@#.#
######..........#S.#
.......####.####.#.###.
####.........>...##...#
.....####...###### ##.#
###### #.#....# #.#
#...##.# #.# ##..##.#
#.# #..##.# #.#


You could see an adder.

Vanquished Creatures
  A dart slug (D:1)
  A leopard gecko (D:1)
  2 goblins (D:1)
  3 hobgoblins
  2 jackals (D:1)
  A ball python (D:1)
  4 bats (D:1)
  2 kobolds (D:1)
  13 rats (D:1)
29 creatures vanquished.

Vanquished Creatures (others)
  2 rats (D:1)
2 creatures vanquished.

Grand Total: 31 creatures vanquished

Notes
Turn   | Place    | Note
-------+----------+-------------------------------------------
     0 | Abyss:1  | Blackhawk the Formicid Abyssal Knight began the quest for
                  | the Orb.
     0 | Abyss:1  | Reached XP level 1. HP: 18/18 MP: 2/2
    68 | Abyss:1  | Found a corrupted altar of Lugonu.
    70 | Abyss:1  | Found a corrupted altar of Lugonu.
   101 | Abyss:1  | Noticed a ynoxinul
   112 | D:1      | Escaped the Abyss
   207 | D:1      | Reached skill level 1 in Dodging
   255 | D:1      | Reached XP level 2. HP: 20/24 MP: 3/3
   257 | D:1      | Reached * piety under Lugonu
   995 | D:1      | Reached XP level 3. HP: 29/29 MP: 4/4
  1370 | D:2      | HP: 1/29 [poisoned by an adder]
  1370 | D:2      | Slain by an adder

Levels and vault maps discovered:
D:1:      erik_arrival_orb_chamber, layout_loops_corners, minmay_small_reverse_x
D:2:      minmay_recursive_quarters, layout_loops_ring, hangedman_ru_absence,
          nicolae_gozag_cash_rules_everything_around_me, first_ration,
          uniq_crazy_yiuf_cottage

Skill      XL: |  1 |
---------------+----+-----
Dodging        | 1 |  1.3
Fighting       | |  3.5
Axes           | |  2.3
Armour         | |  2.6
Invocations    | |  2.7

Action                   || total
-------------------------++-------
Melee: Hand axe          ||    93
Invok: Depart the Abyss  ||     1
  Use: Potion            ||     2
 Stab: Sleeping          ||     1
  Eat: Chunk             ||     1
Armor: Leather armour    ||    43
Dodge: Dodged            ||    84

Table legend:
 A = Non-vault XP
 B = Vault XP
 C = Vault XP percentage of total XP
 D = Non-vault monster count
 E = Vault monster count
 F = Vault count percentage of total count
                 A         B        C        D         E       F
            +---------+---------+-------+---------+---------+-------
      Total |      25 |      17 |  40.5 |      15 |      14 |  48.3
            +---------+---------+-------+---------+---------+-------
        D:1 |      23 |      17 |  42.5 |      14 |      14 |  50.0
        D:2 |       2 |       0 |   0.0 |       1 |       0 |   0.0
            +---------+---------+-------+---------+---------+-------
